 Dungeon Crawl Stone Soup version 0.30-a0-218-gedb9141078 (webtiles) character file.

Game seed: 2594305217746435533

262542 Morbidden the Brawler (level 19, -9/176 HPs)
             Began as a Troll Monk on Oct 5, 2022.
             Was a High Priest of Cheibriados.
             Killed from afar by a deep elf sorcerer (55 damage)
             ... with damnation
             ... on level 3 of the Elven Halls.
             The game lasted 01:23:19 (36489 turns).

Morbidden the Brawler (Troll Monk)                 Turns: 36489, Time: 01:23:19

Health: -9/176     AC: 17    Str: 38    XL:     19   Next: 22%
Magic:  4/27       EV: 16    Int: 26    God:    Cheibriados [*****.]
Gold:   3332       SH: 13    Dex: 26    Spells: 13/30 levels left

rFire   . . .      SeeInvis +      - Unarmed
rCold   . . .      Faith    .    o - +1 kite shield {reflect}
rNeg    . . .      Spirit   .    B - quicksilver dragon scales
rPois   +          Reflect  +    V - +0 mask of the Dragon {Will+ Slay+3 SInv}
rElec   .          Harm     .    Y - +2 cloak {rPois}
rCorr   .          Rampage  .    (gloves unavailable)
Will    +++..                    (boots unavailable)
Stlth   ++........               j - amulet of the acrobat
HPRegen 1.29/turn                b - ring of the Tortoise {AC+8}
MPRegen 0.20/turn                L - +4 ring of protection

@: about to teleport, corroded, very slow
A: large, unfitting armour, claws 3, regeneration 1, shaggy fur 1, tough skin 1,
see invisible
}: 2/15 runes: decaying, serpentine
a: Renounce Religion, Bend Time, Temporal Distortion, Slouch, Step From Time


You were on level 3 of the Elven Halls.
You worshipped Cheibriados.
Cheibriados was extremely pleased with you.
You visited 7 branches of the dungeon, and saw 34 of its levels.
You also visited: Sewer and Gauntlet.

You collected 4377 gold pieces.
You spent 1045 gold pieces at shops.

Inventory:

Hand Weapons
 a - a +3 eveningstar of venom
Missiles
 h - 5 throwing nets
 i - 27 poisoned darts (quivered)
 n - 15 curare-tipped darts
 t - 18 javelins
 E - 24 large rocks
Armour
 o - a +1 kite shield of reflection (worn)
 B - quicksilver dragon scales (worn)
 R - a scarf of resistance
 U - a +2 robe of cold resistance
 V - the +0 mask of the Dragon (worn) {Will+ Slay+3 SInv}
   (You acquired it on level 1 of the Swamp)

   Slay:      It affects your accuracy & damage with ranged weapons and melee
   (+3).
   SInv:      It lets you see invisible.
   Will:      It increases your willpower.
 Y - a +2 cloak of poison resistance (worn)
Jewellery
 b - the ring of the Tortoise (left claw) {AC+8}
   (You took it off a tengu conjurer on level 8 of the Dungeon)

   [ring of protection]

   AC:        It affects your AC (+8).
 j - an amulet of the acrobat (around neck)
 m - a ring of ice
 s - a ring of poison resistance
 u - a ring of protection from fire
 D - a ring of protection from fire
 K - a ring of fire
 L - a +4 ring of protection (right claw)
 Z - the ring "Wicap" {rCorr Str+3}
   (You found it in a Gauntlet)

   [ring of resist corrosion]

   Str:       It affects your strength (+3).
   rCorr:     It protects you from acid and corrosion.
Wands
 d - a wand of paralysis (13)
 I - a wand of roots (27)
 P - a wand of mindburst (30)
 S - a wand of flame (62)
 X - a wand of acid (15)
Scrolls
 g - 7 scrolls of poison
 l - 6 scrolls of magic mapping
 w - 3 scrolls of enchant armour
 y - a scroll of fear
 A - 8 scrolls of enchant weapon
 F - 2 scrolls of silence
 G - 10 scrolls of teleportation
 M - 3 scrolls of blinking
 O - 3 scrolls of amnesia
 T - 10 scrolls of identify
Potions
 c - 9 potions of lignification
 e - 2 potions of berserk rage
 k - 15 potions of curing
 p - 4 potions of resistance
 q - 4 potions of brilliance
 r - 3 potions of heal wounds
 v - 9 potions of mutation
 x - 4 potions of cancellation
 z - 2 potions of magic
 H - 9 potions of attraction
 J - 4 potions of ambrosia
 N - 3 potions of might
 Q - 7 potions of flight
Miscellaneous
 C - a lightning rod (4/4)
 W - a phantom mirror


   Skills:
 * Level 8.9 Fighting
 + Level 4.7 Maces & Flails
 + Level 12.7 Throwing
 * Level 7.3 Armour
 * Level 9.6 Dodging
 + Level 3.2 Stealth
 * Level 6.1 Shields
 * Level 17.9 Unarmed Combat
 * Level 6.4 Spellcasting
 * Level 7.5 Conjurations
 * Level 7.8 Translocations
 * Level 6.2 Transmutations
 * Level 7.1 Air Magic
 * Level 7.3 Invocations
 + Level 2.1 Evocations


You had 13 spell levels left.
You knew the following spells:

 Your Spells              Type           Power      Damage    Failure   Level
a - Blade Hands           Tmut           20%        N/A       36%         5
b - Arcjolt               Conj/Air       23%        1d33      26%         5
x - Vhi's Electric Charg  Tloc/Air       94%        N/A       2%          3
z - Iskenderun's Mystic   Conj/Tloc      48%        2d11      8%          4

Your spell library contained the following spells:

 Spells                   Type           Power      Damage    Failure   Level
 Apportation              Tloc           98%        N/A       1%          1
 Blink                    Tloc           98%        N/A       1%          2
 Momentum Strike          Conj/Tloc      96%        3d10      1%          2
 Static Discharge         Conj/Air       92%        2-6/arc   1%          2
 Gell's Gravitas          Tloc           49%        N/A       2%          3
 Lesser Beckoning         Tloc           98%        N/A       2%          3
 Teleport Other           Tloc           49%        N/A       2%          3
 Foxfire                  Conj/Fire      100%       2x1d9     4%          1
 Sting                    Tmut/Pois      96%        1d7       5%          1
 Kindle Blastsparks       Fire/Tloc/Air  68%        2d15      7%          3
 Passwall                 Tmut/Erth      20%        N/A       8%          2
 Portal Projectile        Hex/Tloc       56%        N/A       11%         3
 Dazzling Flash           Conj/Hex       56%        N/A       12%         3
 Stone Arrow              Conj/Erth      56%        3d10      12%         3
 Necrotise                Necr           32%        1d5       19%         1
 Slow                     Hex            32%        N/A       19%         1
 Summon Small Mammal      Summ           32%        N/A       19%         1
 Ignite Poison            Fire/Tmut/Pois 19%        N/A       24%         3
 Iskenderun's Battlesphe  Conj           47%        2d10      24%         5
 Sticky Flame             Conj/Fire      28%        2d5       36%         4
 Summon Lightning Spire   Summ/Air       27%        N/A       38%         4
 Ice Form                 Ice/Tmut       24%        N/A       45%         4
 Petrify                  Tmut/Erth      24%        N/A       45%         4
 Call Canine Familiar     Summ           8%         N/A       50%         3
 Summon Guardian Golem    Hex/Summ       8%         N/A       50%         3
 Tukima's Dance           Hex            8%         N/A       50%         3
 Freezing Cloud           Conj/Ice/Air   16%        6-21      56%         5
 Silence                  Hex/Air        13%        N/A       75%         5
 Dispersal                Tloc           24%        N/A       75%         6
 Alistair's Intoxication  Tmut/Pois      16%        N/A       82%         5
 Yara's Violent Unravell  Hex/Tmut       12%        3d7       82%         5
 Animate Armour           Summ/Erth      16%        N/A       88%         4
 Leda's Liquefaction      Hex/Erth       4%         N/A       88%         4
 Agony                    Necr           8%         N/A       99%         5
 Metabolic Englaciation   Hex/Ice        4%         N/A       99%         5
 Iron Shot                Conj/Erth      14%        9d4       99%         6
 Starburst                Conj/Fire      14%        6d6       99%         6
 Statue Form              Tmut/Erth      16%        N/A       100%        6
 Monstrous Menagerie      Summ           4%         N/A       100%        7
 Orb of Destruction       Conj           23%        9d8       100%        7
 Spellforged Servitor     Conj/Summ      14%        N/A       100%        7
 Storm Form               Tmut/Air       21%        N/A       100%        7
 Borgnjor's Revivificati  Necr           4%         N/A       100%        8
 Ignition                 Fire           4%         3d4       100%        8
 Lehudib's Crystal Spear  Conj/Erth      14%        10d5      100%        8
 Maxwell's Capacitive Co  Air            22%        ∞         100%        8
 Necromutation            Tmut/Necr      12%        N/A       100%        8
 Death's Door             Necr           4%         N/A       100%        9


Dungeon Overview and Level Annotations

Branches:
Dungeon (15/15) Temple (1/1) D:5 Lair (5/5) D:8 Swamp (4/4) Lair:2 Snake (4/4) Lair:2 Slime (0/5) Lair:5 Orc (2/2) D:10 Elf (3/3) Orc:2 Vaults (0/5) D:12 D:13 Depths (0/4) D:15 Sewer (visited) Gauntlet (visited)

Altars:
Cheibriados
Dithmenos
Elyvilon
Fedhas
Makhleb
Qazlal
Ru
Sif Muna
Trog
Vehumet
Zin
The Shining One
Jiyva

Shops:
D:3 (   D:6 [   D:8 (([=   D:10 [(   Orc:1 (   Orc:2 !:=(   Elf:1 :=:   Elf:2 *
Elf:3 ?:

Portals:
Trove: Elf:3 (give 12 potions of heal wounds)

Annotations:
D:6 3 runed translucent doors, kthxbai's ghost, novice FoFi
D:10 exclusion: orange crystal statue
D:11 3 runed translucent doors
Lair:1 exclusion: door
Swamp:2 2 runed translucent doors, nj0rd12's ghost, adept GnSu
Swamp:3 Roxanne
Snake:3 1 runed translucent door, Taiq's ghost, adept OgIE
Elf:2 3 runed translucent doors


Innate Abilities, Weirdness & Mutations

You are too large for most types of armour.
You have claws for hands.
Your natural rate of healing is unusually fast.
You are covered in fur. (AC +1)
You have tough skin. (AC +1)
You have supernaturally acute eyesight. (SInv)


Message History

Throw: 28 darts (poison)
Press: ? - help, Q - select action, (/) - cycle Shift-Dir - straight line, f/p - deep elf annihilator
Aim: a deep elf annihilator, wielding a +0 dagger of pain and wearing a +0 ring mail (almost dead, spells empowered, very poisoned, 70% to hit)
You throw a poisoned dart.
The poisoned dart hits the deep elf annihilator!!
The deep elf annihilator looks as sick as possible!
The deep elf annihilator is almost dead.
The deep elf annihilator mumbles some strange words.
The deep elf annihilator blinks!
The deep elf master archer shoots an arrow.
The arrow hits you!!
* * * LOW HITPOINT WARNING * * *
Unknown command.
Unknown command.
Unknown command.
Unknown command.
You feel better.
Your surroundings suddenly seem different.
A deep elf death mage comes into view. It is wielding a +0 rapier.
Found a tin of tremorstones (2/2).
The deep elf master archer shoots an arrow.
You reflect the arrow off your +1 kite shield of reflection!
The arrow closely misses the deep elf master archer.
The deep elf annihilator casts a spell.
The deep elf annihilator blinks!
The deep elf master archer shoots an arrow.
The arrow completely misses you.
The deep elf annihilator shouts!
Unknown command.
Unknown command.
Unknown command.
As you read the scroll of teleportation, it crumbles to dust.
You feel strangely unstable.
Cheibriados thoroughly appreciates the change of pace.
You feel a bit more experienced.
The deep elf annihilator gestures wildly while chanting.
The deep elf annihilator blinks!
The deep elf sorcerer gestures at you while chanting.
The sphere of damnation explodes!
The damnation engulfs you!!!
You die...

***,,,,,,,,*** #*,,,,,,,,,,,,**
#.,,,,,,,,,,,,,* **
#'############+* ,***
*##.............,*** *
,,,******...............,,,******
,⌠,,,**,,...............,,,,,**,,
,,,,,,,,,...............,,,,,,,,,
*,,,,,,,,...e⌠..@.....⌠.,,,,,,,,,
*,,,,,,,,......}........,.,,,,,,,
**,,,,,,,..e..#......###..,,,,,,,
**,,,,,,,§..§####.e####...,,,,,,,
*,,,,,,,,....).####.#.....,,,,,,,
*,,,,,,,,........##.......,,,,,,,
,,,,,,,,,.........).......,,,,,,,
,,,,,**,,,...e(§..)(......,,,**,,
,,,******,,.....#.(#......,******


You could see a deep elf master archer, a deep elf death mage and a deep elf
sorcerer.

Vanquished Creatures
  the Lernaean hydra (Swamp:4)
  Mlioglotl (Snake:3)
  Asterion (Elf:1)
  A deep elf blademaster (Elf:3)
  Gastronok (Lair:1)
  Frances (Elf:1)
  Kirke (D:14)
  A thorn hunter (Swamp:2)
  Donald (Snake:3)
  8 nagarajas
  A fenstrider witch (Swamp:4)
  8 deep elf sorcerers
  Louise (Swamp:4)
  4 deep elf elementalists
  6 deep elf demonologists (Elf:3)
  5 deep elf annihilators
  5 eleionomae
  A minotaur (Gauntlet)
  7 bunyips
  2 deep elf death magi
  A shambling mangrove (Swamp:3)
  A fire dragon (Lair:5)
  Josephine (Lair:5)
  2 deep elf high priests (Elf:3)
  Harold (Lair:1)
  A salamander tyrant (Snake:3)
  Fannar (Lair:1)
  3 ghost crabs
  A spriggan air mage (Swamp:4)
  5 centaur warriors
  16 anacondas
  17 hydras
  5 boulder beetles
  21 dancing weapons
  4 alligators
  7 two-headed ogres
  A vampire mage (D:15)
  11 naga warriors
  2 tengu warriors (D:14)
  9 naga sharpshooters
  4 death yaks
  5 orc high priests
  8 spriggans
  5 shock serpents
  Urug (Lair:2)
  Sonja (Lair:1)
  8 skeletal warriors
  Nergalle (Lair:1)
  10 deep elf knights
  Amaemon (D:11)
  A spark wasp zombie (D:15)
  3 salamander mystics
  4 goliath frogs
  7 swamp dragons
  5 naga ritualists
  Lodul (D:13)
  4 spriggan druids
  A necromancer (D:15)
  9 bog bodies
  An obsidian statue (Gauntlet)
  22 deep elf zephyrmancers
  2 lindwurms (Lair:5)
  7 deep elf archers
  A frost giant zombie (D:15)
  34 deep elf pyromancers
  5 mana vipers
  2 orc knights
  5 cyclopes
  5 manticores
  12 ugly things
  An orc sorcerer (Orc:2)
  A stone giant zombie (D:15)
  5 salamanders
  5 will-o-the-wisps
  20 elephants
  39 black mambas
  A guardian serpent (shapeshifter) (Elf:1)
  A torpor snail (shapeshifter) (Elf:1)
  12 naga magi
  6 guardian serpents
  A stone giant skeleton (D:15)
  Maggie (D:6)
  2 torpor snails
  10 cane toads
  An orange demon (D:11)
  7 rime drakes
  2 gargoyles
  An efreet (D:15)
  A kobold demonologist (D:12)
  17 komodo dragons
  2 burning bushes (Lair:3)
  2 tengu conjurers (D:8)
  6 tyrant leeches
  8 hornets
  4 trolls (Orc:1)
  A polar bear (Lair:3)
  28 blink frogs
  6 slime creatures
  5 dream sheep
  4 air elementals
  4 flying skulls (Gauntlet)
  A centaur simulacrum (D:15)
  4 wyverns
  4 water elementals
  2 fire elementals (Elf:3)
  5 wraiths
  3 hogs (D:14)
  A shadow (D:9)
  39 yaks
  21 humans
  7 basilisks
  2 steam dragons
  7 vampire mosquitoes
  38 nagas
  16 swamp worms
  A warg (Orc:2)
  5 acid dragons
  16 water moccasins
  25 orc warriors
  2 sky beasts
  9 swamp drakes
  A black bear (D:8)
  2 ice beasts
  5 wolves
  17 ogres
  9 centaurs
  A phantom (D:5)
  4 kobold brigands
  12 bullfrogs
  3 gnoll sergeants
  4 scorpions
  4 earth elementals
  2 wights (D:8)
  4 killer bees (D:9)
  2 electric eels (Lair:2)
  34 orc priests
  A gnoll bouda (D:8)
  5 hounds
  7 jellies
  11 iguanas
  30 orc wizards
  6 hell rats (Lair:2)
  14 adders
  17 gnolls
  A shadow imp (D:8)
  2 white imps
  2 ufetubi
  3 worms (D:3)
  A dart slug (D:1)
  63 orcs
  10 ball pythons
  6 endoplasms
  8 giant cockroaches
  9 goblins
  10 hobgoblins
  11 jackals
  5 quokkas
  11 bats
  13 frilled lizards
  16 kobolds
  11 rats
  2 foxfires (Swamp:4)
1133 creatures vanquished.

Vanquished Creatures (collateral kills)
  Rupert (Lair:4)
  A hydra (Lair:1)
2 creatures vanquished.

Vanquished Creatures (others)
  2 deep elf knights
  3 deep elf zephyrmancers (Elf:2)
  2 deep elf pyromancers
  2 bloated husks
  32 foxfires
  20 fungi
  51 plants
  A withered plant (D:15)
113 creatures vanquished.

Grand Total: 1248 creatures vanquished

Notes
Turn   | Place    | Note
-------+----------+-------------------------------------------
     0 | D:1      | Morbidden the Troll Monk began the quest for the Orb.
     0 | D:1      | Reached XP level 1. HP: 22/22 MP: 0/0
   125 | D:1      | Reached XP level 2. HP: 21/29 MP: 1/1
   150 | D:1      | Found a faded altar of an unknown god.
   377 | D:1      | Reached XP level 3. HP: 36/36 MP: 2/2
   677 | D:2      | Identified the +2 scale mail of Sufuet {Dex+3}
  1113 | D:2      | Reached skill level 4 in Unarmed Combat
  1234 | D:3      | Reached XP level 4. HP: 41/44 MP: 3/3
  1497 | D:3      | Got the Meditations on Solid Jinxing
  1613 | D:3      | Found Enadawol's Weapon Shop.
  1647 | D:3      | Bought 5 javelins for 44 gold pieces
  1852 | D:4      | Reached XP level 5. HP: 45/50 MP: 4/4
  1939 | D:4      | Found a stormy altar of Qazlal.
  1939 | D:4      | Found a radiant altar of Vehumet.
  1940 | D:4      | Found a shimmering blue altar of Sif Muna.
  2022 | D:4      | Noticed an ogre
  2024 | D:4      | Killed an ogre
  2025 | D:4      | Reached skill level 5 in Unarmed Combat
  2191 | D:4      | Noticed a moth of wrath
  2194 | D:4      | Found a bloodstained altar of Trog.
  2299 | D:4      | Noticed an orc warrior
  2307 | D:4      | Reached skill level 1 in Spellcasting
  2307 | D:4      | Reached XP level 6. HP: 41/59 MP: 6/6
  2349 | D:4      | Killed an orc warrior
  2375 | D:4      | Reached skill level 1 in Throwing
  2508 | D:4      | Reached skill level 6 in Unarmed Combat
  2572 | D:4      | Reached XP level 7. HP: 67/67 MP: 7/7
  2668 | D:5      | Entered Level 5 of the Dungeon
  2830 | D:5      | Found a staircase to the Ecumenical Temple.
  2866 | Temple   | Entered the Ecumenical Temple
  2904 | Temple   | Became a worshipper of Cheibriados the Contemplative
  2904 | Temple   | Reached * piety under Cheibriados
  2904 | Temple   | Reached ** piety under Cheibriados
  3146 | D:5      | Reached skill level 7 in Unarmed Combat
  3162 | D:5      | Reached XP level 8. HP: 35/75 MP: 9/9
  3173 | D:5      | Learned a level 4 spell: Iskenderun's Mystic Blast
  3889 | D:6      | Learned a level 3 spell: Vhi's Electric Charge
  3892 | D:6      | Found a glowing drain.
  3910 | Sewer    | Entered a sewer
  3964 | Sewer    | Reached skill level 1 in Conjurations
  3964 | Sewer    | Reached *** piety under Cheibriados
  4128 | Sewer    | Reached skill level 8 in Unarmed Combat
  4151 | Sewer    | Reached skill level 1 in Translocations
  4397 | D:6      | Reached **** piety under Cheibriados
  4398 | D:6      | Reached XP level 9. HP: 65/84 MP: 11/11
  4787 | D:6      | Identified the +0 scale mail "Xaom" {rN+ Dex+3}
  4790 | D:6      | Noticed Maggie
  4795 | D:6      | Reached skill level 9 in Unarmed Combat
  4812 | D:6      | Killed Maggie
  4813 | D:6      | Reached skill level 5 in Throwing
  4813 | D:6      | Reached skill level 1 in Air Magic
  5062 | D:6      | Found a runed translucent gate.
  5063 | D:6      | Found a runed translucent gate.
  5063 | D:6      | Noticed kthxbai's ghost (novice FoFi)
  5064 | D:6      | Found a runed translucent gate.
  5096 | D:6      | You fall into a shaft and drop 2 floors!
  5178 | D:8      | Noticed a two-headed ogre
  5184 | D:8      | Killed a two-headed ogre
  5200 | D:8      | Reached skill level 10 in Unarmed Combat
  5215 | D:7      | Reached XP level 10. HP: 65/93 MP: 12/12
  5750 | D:6      | Found Gelucrif's Armour Boutique.
  5760 | D:6      | Bought a +2 cloak of poison resistance for 240 gold pieces
  6111 | D:8      | Found Liasuc's Jewellery Shop.
  6329 | D:8      | Noticed a manticore
  6341 | D:8      | Reached ***** piety under Cheibriados
  6349 | D:8      | Noticed an eight-headed hydra
  6358 | D:8      | Killed a manticore
  6363 | D:8      | Killed an eight-headed hydra
  6364 | D:8      | Reached skill level 5 in Dodging
  6364 | D:8      | Reached skill level 1 in Evocations
  6366 | D:8      | Noticed a purple ugly thing
  6370 | D:8      | Killed a purple ugly thing
  6379 | D:8      | Identified the +3 great sword "Arem" {vamp, Str+3}
  6661 | D:8      | Identified the +3 dagger of Tenacity {flame, *Rage rPois
                  | rC+ MP+9}
  6864 | D:8      | Found Fina's Antique Weapon Boutique.
  6930 | D:8      | Found Xaro's Weapon Shoppe.
  6971 | D:8      | Found a staircase to the Lair.
  6982 | D:8      | Reached skill level 11 in Unarmed Combat
  6982 | D:8      | Reached XP level 11. HP: 94/101 MP: 14/14
  7035 | D:8      | Found Xagitrir's Armour Boutique.
  7569 | D:9      | Reached skill level 5 in Fighting
  8524 | D:10     | Entered Level 10 of the Dungeon
  8531 | D:10     | Got the Textbook on Iron Changing
  8557 | D:10     | Noticed an orange crystal statue
  8580 | D:10     | Noticed a two-headed ogre
  8591 | D:10     | Killed a two-headed ogre
  8827 | D:10     | Noticed an orc knight
  8855 | D:10     | Killed an orc knight
  8878 | D:10     | Reached skill level 1 in Maces & Flails
  8881 | D:10     | Found Arifats's Weapon Shoppe.
  8883 | D:10     | Found a staircase to the Orcish Mines.
  8884 | D:10     | Found Kubeatwoant's Armour Shoppe.
  9092 | D:10     | Bought a scarf of resistance for 448 gold pieces
  9138 | D:10     | Noticed a two-headed ogre
  9144 | D:10     | Killed a two-headed ogre
  9306 | D:10     | Found a white marble altar of Elyvilon.
  9439 | Lair:1   | Entered Level 1 of the Lair of Beasts
  9445 | Lair:1   | Noticed a boulder beetle
  9454 | Lair:1   | Killed a boulder beetle
  9523 | Lair:1   | Noticed Fannar
  9532 | Lair:1   | Killed Fannar
  9675 | Lair:1   | Noticed Gastronok
  9698 | Lair:1   | Killed Gastronok
  9751 | Lair:1   | Reached ****** piety under Cheibriados
  9763 | Lair:1   | Learned a level 5 spell: Arcjolt
  9818 | Lair:1   | Reached XP level 12. HP: 111/111 MP: 12/16
 10012 | Lair:1   | Reached skill level 12 in Unarmed Combat
 10032 | Lair:1   | Noticed Nergalle
 10040 | Lair:1   | Killed Nergalle
 10393 | Lair:1   | Noticed Harold
 10404 | Lair:1   | Killed Harold
 10437 | Lair:1   | Learned a level 5 spell: Blade Hands
 10507 | Lair:1   | Noticed an eight-headed hydra
 10535 | Lair:1   | Noticed a death yak
 10539 | Lair:1   | Noticed Sonja
 10550 | Lair:1   | Killed a death yak
 10561 | Lair:1   | Killed Sonja
 10662 | Lair:1   | Noticed a six-headed hydra
 10668 | Lair:1   | Killed a seven-headed hydra
 10958 | Lair:2   | Found a gate leading to a gauntlet.
 10984 | Gauntlet | Entered a Gauntlet
 10984 | Gauntlet | Found a transporter.
 10984 | Gauntlet | Found a transporter.
 10996 | Gauntlet | Found a transporter.
 11014 | Gauntlet | Found a transporter.
 11014 | Gauntlet | Found a transporter.
 11016 | Gauntlet | Found a transporter.
 11016 | Gauntlet | Found a transporter.
 11017 | Gauntlet | Found a transporter.
 11032 | Gauntlet | Found a transporter.
 11037 | Gauntlet | Found a runed translucent door.
 11041 | Gauntlet | Noticed a hell hog
 11044 | Gauntlet | Found a transporter.
 11052 | Gauntlet | Found a runed translucent door.
 11054 | Gauntlet | Found a transporter.
 11056 | Gauntlet | Found a runed translucent door.
 11059 | Gauntlet | Found a transporter.
 11093 | Gauntlet | Found a transporter.
 11096 | Gauntlet | Found a runed translucent gate.
 11096 | Gauntlet | Found a runed translucent gate.
 11096 | Gauntlet | Found a runed translucent gate.
 11105 | Gauntlet | Found a transporter.
 11248 | Gauntlet | Identified the ring "Wicap" {rCorr Str+3}
 11327 | Gauntlet | Noticed a minotaur
 11334 | Gauntlet | Killed a minotaur
 11335 | Gauntlet | Reached skill level 10 in Throwing
 11614 | Lair:2   | Reached skill level 1 in Transmutations
 11627 | Lair:2   | Reached skill level 1 in Invocations
 12003 | Lair:2   | Found a staircase to the Snake Pit.
 12131 | Lair:2   | Reached XP level 13. HP: 95/120 MP: 18/18
 12159 | Lair:2   | Found a staircase to the Swamp.
 12667 | Lair:3   | Noticed Urug
 12686 | Lair:2   | Killed Urug
 12705 | Lair:3   | Reached skill level 1 in Armour
 12745 | Lair:3   | Reached skill level 13 in Unarmed Combat
 12829 | Lair:3   | You fall into a shaft and drop 2 floors!
 12829 | Lair:5   | Entered Level 5 of the Lair of Beasts
 13649 | Lair:3   | Gained mutation: You have supernaturally acute eyesight.
                  | (SInv) [potion of mutation]
 13848 | Lair:4   | Noticed Rupert
 13868 | Lair:4   | Killed Rupert
 14905 | Lair:5   | Reached XP level 14. HP: 124/131 MP: 19/19
 15157 | Lair:5   | Noticed Josephine
 15163 | Lair:5   | Killed Josephine
 15167 | Lair:5   | Reached skill level 5 in Translocations
 15350 | Lair:5   | Reached skill level 14 in Unarmed Combat
 15366 | Lair:5   | Found a staircase to the Slime Pits.
 15368 | Lair:5   | Found a viscous altar of Jiyva.
 15675 | Lair:5   | Reached skill level 5 in Conjurations
 16246 | Lair:5   | Found the +11 plutonium sword {Contam Stlth-}
 16271 | Lair:5   | Identified the +9 glaive of the Traitor {vorpal, Drain
                  | rPois SInv}
 16815 | D:11     | Reached skill level 5 in Air Magic
 16866 | D:11     | Noticed Amaemon
 16872 | D:11     | Killed Amaemon
 16925 | D:11     | Identified the +5 spear "Vemnol" {flame, rC+ Will+ Str-4}
 17166 | D:11     | Found a runed translucent gate.
 17166 | D:11     | Found a runed translucent gate.
 17166 | D:11     | Found a runed translucent gate.
 18172 | D:13     | Found a gate to the Vaults.
 18239 | D:12     | Reached XP level 15. HP: 83/139 MP: 1/21
 18603 | D:13     | Noticed Lodul
 18616 | D:13     | Killed Lodul
 19135 | D:14     | Noticed Kirke
 19141 | D:14     | Reached skill level 15 in Unarmed Combat
 19151 | D:14     | Killed Kirke
 19468 | D:14     | Reached skill level 5 in Spellcasting
 19574 | D:14     | Found a stormy altar of Qazlal.
 20019 | D:15     | Entered Level 15 of the Dungeon
 20443 | D:15     | Found a staircase to the Depths.
 20863 | Orc:1    | Entered Level 1 of the Orcish Mines
 20863 | Orc:1    | Found Ofrissod's Weapon Shop.
 21011 | Orc:2    | Entered Level 2 of the Orcish Mines
 21028 | Orc:2    | Reached skill level 5 in Armour
 21550 | Orc:1    | Found a burning altar of Makhleb.
 21757 | Orc:2    | Found a staircase to the Elven Halls.
 21899 | Orc:2    | Found Muorr's Book Boutique.
 21899 | Orc:2    | Found Uzuto's Distillery.
 21899 | Orc:2    | Found Fulezeff's Jewellery Shop.
 21912 | Orc:2    | Reached skill level 1 in Shields
 21931 | Orc:2    | Found Komniqy's Weapon Shop.
 22540 | Snake:1  | Entered Level 1 of the Snake Pit
 22596 | Swamp:1  | Entered Level 1 of the Swamp
 22763 | Swamp:1  | Identified a scroll of acquirement
 22798 | Swamp:1  | Acquired the +0 mask of the Dragon {Will+ Slay+3 SInv}
 22798 | Swamp:1  | Found the +0 mask of the Dragon {Will+ Slay+3 SInv}
 22838 | Swamp:1  | Reached XP level 16. HP: 67/149 MP: 22/22
 23052 | Swamp:1  | Found a glowing golden altar of the Shining One.
 23497 | Swamp:2  | Found a large runed translucent door.
 23497 | Swamp:2  | Found a large runed translucent door.
 23535 | Swamp:2  | Noticed nj0rd12's ghost (adept GnSu)
 23896 | Swamp:2  | Noticed a thorn hunter
 23910 | Swamp:2  | Killed a thorn hunter
 24476 | Swamp:3  | Identified Roxanne's Omnibus of Transmogrification
 24476 | Swamp:3  | Noticed Roxanne
 24709 | Swamp:3  | Reached skill level 16 in Unarmed Combat
 24771 | Swamp:3  | Reached skill level 5 in Invocations
 25520 | Swamp:4  | Entered Level 4 of the Swamp
 25672 | Swamp:4  | Noticed the 27-headed Lernaean hydra
 25676 | Swamp:4  | Noticed Louise
 25698 | Swamp:4  | Killed Louise
 27452 | Snake:1  | Reached XP level 17. HP: 54/158 MP: 15/24
 28242 | Snake:2  | Identified the +12 mace "Bate" {vorpal, rF+}
 29278 | Snake:3  | Noticed Mlioglotl
 29300 | Snake:3  | Killed Mlioglotl
 29656 | Snake:3  | Identified the +0 pair of gloves of the Morning {+Blink Fly
                  | rN+}
 30114 | Snake:3  | Found a runed translucent door.
 30116 | Snake:3  | Noticed Taiq's ghost (adept OgIE)
 30187 | Snake:3  | Identified the +2 long sword "Secret Weapon" {flame, rN+
                  | Int+2 Stlth+}
 30196 | Snake:3  | Noticed Donald
 30217 | Snake:3  | Killed Donald
 30614 | Snake:4  | Entered Level 4 of the Snake Pit
 30775 | Snake:4  | Reached skill level 5 in Transmutations
 30782 | Snake:4  | Identified the +12 halberd "Eshreont" {antimagic, Fragile
                  | rC+ Int+2 Dex+4}
 30970 | Snake:4  | Reached skill level 17 in Unarmed Combat
 31079 | Snake:4  | Identified the ring of Cheibriados's Whim {+Blink rC+ Str+6
                  | Int-3 Dex+2}
 31505 | Snake:4  | Reached XP level 18. HP: 111/167 MP: 26/26
 31623 | Snake:4  | Got a serpentine rune of Zot
 31936 | Swamp:4  | Killed the 26-headed Lernaean hydra
 32026 | Swamp:4  | Got a decaying rune of Zot
 32371 | Elf:1    | Entered Level 1 of the Elven Halls
 32638 | Elf:1    | Reached skill level 5 in Shields
 33216 | Elf:1    | Noticed Frances
 33228 | Elf:1    | Killed Frances
 33497 | Elf:1    | Found Laodirghu's Jewellery Shoppe.
 33497 | Elf:1    | Noticed Asterion
 33509 | Elf:1    | Found Qiteorho's Book Shop.
 33509 | Elf:1    | Found Witwiem's Book Shop.
 33515 | Elf:1    | Killed Asterion
 33874 | Elf:1    | Got the Omnibus of the Creative Fifth Circle
 34071 | Elf:2    | Identified the +2 pair of gloves of Deted {rElec Str+4}
 34086 | Elf:2    | Paralysed by an air elemental for 1 turns
 34480 | Elf:2    | Paralysed by an air elemental for 1 turns
 34571 | Elf:2    | Found Pyizy's General Store.
 34589 | Elf:2    | Bought a scroll of enchant armour for 135 gold pieces
 34735 | Elf:2    | Found a runed translucent gate.
 34740 | Elf:2    | Found a runed translucent gate.
 34740 | Elf:2    | Found a runed translucent gate.
 35147 | Elf:3    | Entered Level 3 of the Elven Halls
 35292 | Elf:3    | Found a portal to a secret trove of treasure.
 35310 | Elf:3    | Found Yqoess's Magic Scroll Shop.
 35362 | Elf:3    | Found Enlukhle's Book Boutique.
 35374 | Elf:3    | Bought a scroll of teleportation for 51 gold pieces
 35374 | Elf:3    | Bought a scroll of blinking for 127 gold pieces
 35865 | Elf:3    | Reached XP level 19. HP: 119/176 MP: 14/27
 35865 | Elf:3    | Identified the ring of Okawaru's Delight {Fly rC- Int+5}
 36239 | Elf:3    | Identified the +9 glaive "Benn" {flame, +Blink rPois Will+
                  | Int-2}
 36275 | Elf:3    | Identified the +4 scimitar "Eluzostikk" {vorpal, rF+}
 36478 | Elf:3    | Noticed a Tzitzimitl
 36489 | Elf:3    | Killed from afar by a deep elf sorcerer

Illustrated notes

Levels and vault maps discovered:
D:1:      eino_arrival_cavern_d, layout_rooms,
          dreamdust_ecumenical_altar_angels_and_demons
D:2:      layout_loops_cross
D:3:      layout_loops_ring, serial_shops, nicolae_shop_bloodbath_and_beyond,
          minmay_cupped
D:4:      layout_gridville, tgw_trog, gammafunk_temple_overflow_claw,
          hangedman_feature_mirror, minmay_manual_mess
D:5:      layout_loops_ring, minmay_temple_entry_wispy, nrook_loot_triangle,
          st_stairs_5, grunt_decor_cap
D:6:      layout_cave_pools, biasface_ghost_orc_armoury, serial_shops, shop,
          cheibrodos_sewer_entry_drain, corexii_checkpoint_b,
          hangedman_abyss_or_decor_stabs, minivault_10, minmay_ruffians,
          uniq_maggie
D:7:      layout_rooms
D:8:      layout_layer_cave, david_lair_shrubbed, serial_shops,
          nicolae_shop_window_shopping, shop, nicolae_take_the_stairs, shop,
          minmay_the_grid_2x2 [minmay_the_grid_dragon_a, minmay_the_grid_tree,
          minmay_the_grid_slots, minmay_the_grid_prize_shrinking_boxes]
D:9:      layout_basic, minmay_misc_feat_enclosed
D:10:     layout_basic, nicolae_elyvilon_temple_path, orc_david_3,
          corner_web_ring, disabler_island
D:11:     nicolae_whirlpool, layout_small_grid,
          ploomutoo_gammafunk_ghost_potion_laboratory, uniq_amaemon
D:12:     layout_rooms, kennysheep_opposing_triangles
D:13:     layout_gridville, david_vaults_3, uniq_lodul
D:14:     layout_roguey, lemuel_coloured_pillars_altar, hangedman_decor_push,
          uniq_kirke
D:15:     gammafunk_depths_entry_grave, layout_irregular_city,
          serial_park_square2
Temple:   bh_familiar_temple
Lair:1:   beast_lair_carwin_large_3, layout_gridlike, minmay_shattered_shrine,
          uniq_sonja, uniq_gastronok, uniq_fannar, uniq_nergalle, uniq_harold
Lair:2:   layout_cellular_growth, nicolae_swamp_entry_splash_gauntlet,
          guppyfry_snake_entry_garden, gauntlet_entry_generic,
          serial_bayou_shore_a, grunt_megastairs_3, infiniplex_staircase_pool
Lair:3:   layout_gridlike, evilmike_ambush [evilmike_ambush_outer_pillars,
          evilmike_ambush_inner_pond], grunt_megastairs_1, uniq_urug
Lair:4:   layout_cave_pods, uniq_rupert
Lair:5:   hangedman_lair_in_review, layout_regular_city,
          guppyfry_lair_end_dragon, dpeg_slime_entry_corner,
          lemuel_fruit_fields, uniq_josephine
Swamp:1:  layout_falls_marsh, nicolae_swamp_godswood
Swamp:2:  layout_falls_marsh, ebering_ghost_disaster_area, serial_swamp_ruin,
          evilmike_swamp_ruin_wall, hangedman_swamp_ruin_wall, swamp_pool2
Swamp:3:  nicolae_swamp_decorative_isthmus, layout_basic_swamp,
          evilmike_swamp_ruin_rubble_2, uniq_roxanne
Swamp:4:  swamp_old_school, layout_basic_swamp, uniq_louise
Snake:1:  layout_chambers, serial_bayou_shore_b
Snake:2:  layout_grid_maze
Snake:3:  hangedman_cross_stitches, layout_chambers,
          ebering_ghost_reflecting_pool, uniq_mlioglotl, uniq_donald
Snake:4:  grunt_snake_rune_serpentine_throne, layout_onion, grunt_megastairs_4
Orc:1:    layout_caves, serial_shops, shop_statue, bloody_makhleb
Orc:2:    st_orc_mages, layout_caves, lightli_orcish_oven
Elf:1:    minmay_elf_arrival_summoners, layout_onion_city, minmay_elf_sorcery,
          minmay_shop_grove, uniq_asterion, uniq_frances
Elf:2:    nicolae_elf_blades_crystal_corner, layout_geoelf_grid, serial_shops,
          shop
Elf:3:    minmay_elf_hall_spiked, layout_gridlike, enter_trove_6,
          nicolae_elf_v_pinch, minmay_shoptagon

Skill      XL: |  1  2  3  4  5  6  7  8  9 10 11 12 13 14 15 16 17 18 19 |
---------------+----------------------------------------------------------+-----
Unarmed Combat | 4 5 6 7 8 10 11 12 13 14 15 16 17 | 17.9
Dodging        | 3 4 5 6 7 8 9 |  9.6
Spellcasting   | 1 2 3 4 5 6 |  6.4
Fighting       | 3 4 5 6 7 8 |  8.9
Throwing       | 1 3 4 5 7 9 10 11 12 | 12.7
Conjurations   | 1 2 3 4 5 6 7 |  7.5
Translocations | 1 2 3 4 5 6 7 |  7.8
Stealth        | 2 3 |  3.2
Air Magic      | 2 3 4 5 6 7 |  7.1
Evocations     | 1 2 |  2.1
Maces & Flails | 2 3 4 |  4.7
Transmutations | 1 2 3 4 5 6 |  6.2
Invocations    | 1 2 3 4 5 6 7 |  7.3
Armour         | 2 3 5 6 7 |  7.3
Shields        | 1 3 4 5 6 |  6.1

Action                   |  1- 3 |  4- 6 |  7- 9 | 10-12 | 13-15 | 16-18 | 19-21 || total
-------------------------+-------+-------+-------+-------+-------+-------+-------++-------
Melee: Unarmed           |   134 |   110 |   234 |   437 |  1143 |  1076 |    66 ||  3200
       Punch             |     2 |       |     8 |    35 |    92 |       |       ||   137
       Morningstar       |       |       |       |       |    18 |    18 |       ||    36
Throw: Dart              |     1 |    22 |    19 |    96 |     9 |    68 |    13 ||   228
       Throwing net      |       |     1 |       |       |       |     1 |       ||     2
       Stone             |       |       |     4 |     9 |   122 |    51 |       ||   186
       Javelin           |       |       |       |     1 |       |     4 |       ||     5
       Boomerang         |       |       |       |       |       |    59 |       ||    59
 Cast: Vhi's Electric Ch |       |       |     1 |    37 |    19 |    45 |     8 ||   110
       Iskenderun's Myst |       |       |       |     5 |     9 |    49 |     8 ||    71
       Arcjolt           |       |       |       |       |     4 |       |       ||     4
Invok: Slouch            |       |       |       |       |     1 |    14 |     4 ||    19
Evoke: Wand              |       |       |    10 |    11 |     2 |     2 |       ||    25
       Phantom mirror    |       |       |       |     1 |     1 |     4 |     1 ||     7
       Lightning rod     |       |       |       |       |     4 |     9 |       ||    13
  Use: Scroll            |       |     1 |     1 |    24 |     6 |    15 |     5 ||    52
       Potion            |       |       |       |     2 |     3 |     6 |     1 ||    12
 Stab: Sleeping          |     6 |     1 |     1 |       |     2 |     7 |       ||    17
       Held in net/web   |       |     2 |       |       |       |       |       ||     2
       Distracted        |       |       |     1 |       |     1 |     2 |     1 ||     5
Armor: Robe              |    49 |    26 |    38 |       |       |       |       ||   113
       Steam dragon scal |       |       |     5 |   145 |       |       |       ||   150
       Quicksilver drago |       |       |       |    16 |   762 |   593 |    22 ||  1393
Dodge: Dodged            |    79 |    63 |   136 |   348 |  1109 |   748 |    37 ||  2520
Block: Kite shield       |       |       |       |       |   128 |   698 |    32 ||   858
       Reflection        |       |       |       |       |       |    72 |     8 ||    80

Table legend: (Time is in decaauts)
 A = Elapsed time spent in this place.
 B = Non-inter-level travel time spent in this place.
 C = Inter-level travel time spent in this place.
 D = Time resting spent in this place.
 E = Time spent auto-exploring this place.
 F = Levels seen in this place.
 G = Mean time per level.
                   A        B        C        D        E       F      G
               +--------+--------+--------+--------+--------+-----+--------+
         Total |  57009 |  51681 |   5328 |   3091 |  39417 |  36 | 1583.6 |
       Dungeon |  20414 |  17857 |   2557 |    516 |  14313 |  15 | 1360.9 |
        Temple |     64 |     40 |     24 |      0 |     30 |   1 |   64.0 |
          Lair |  11194 |  10001 |   1193 |    486 |   7753 |   5 | 2238.8 |
         Swamp |   6665 |   6008 |    657 |    690 |   4317 |   4 | 1666.2 |
     Snake Pit |   8657 |   8261 |    396 |    631 |   6429 |   4 | 2164.2 |
  Orcish Mines |   2405 |   2038 |    367 |      2 |   1592 |   2 | 1202.5 |
   Elven Halls |   6059 |   5927 |    132 |    765 |   4038 |   3 | 2019.7 |
         Sewer |    769 |    769 |      0 |      0 |    514 |   1 |  769.0 |
      Gauntlet |    777 |    777 |      0 |      0 |    429 |   1 |  777.0 |
               +--------+--------+--------+--------+--------+-----+--------+

Top non-repeatable levels by time:
     D:8: 3130 daAuts
 Snake:3: 2974 daAuts
  Lair:1: 2559 daAuts
   Elf:1: 2535 daAuts
  Lair:2: 2455 daAuts
  Lair:5: 2401 daAuts
 Snake:1: 2253 daAuts
 Snake:2: 1991 daAuts
   Elf:3: 1985 daAuts
  Lair:4: 1906 daAuts
  Lair:3: 1872 daAuts
     D:9: 1846 daAuts
 Swamp:3: 1821 daAuts
 Swamp:2: 1723 daAuts
    D:10: 1706 daAuts
